 Dungeon Crawl Stone Soup version 0.26.1-11-gd32895ea62 (webtiles) character file.

Game seed: 11599382403190911564

1408 Descartes the Sneak (level 8, 0/37 HPs)
             Began as a Spriggan Warper on May 7, 2021.
             Killed from afar by an orc wizard (3 damage)
             ... with a puff of flame
             ... on level 6 of the Dungeon.
             The game lasted 00:14:18 (5170 turns).

Descartes the Sneak (Spriggan Warper)               Turns: 5170, Time: 00:14:19

Health: 0/37       AC:  4    Str:  9    XL:     8   Next: 42%
Magic:  0/18       EV: 20    Int: 17    God:
Gold:   404        SH:  0    Dex: 16    Spells: 19/19 levels left

rFire    . . .     SeeInvis +   j - +2 dagger (venom)
rCold    . . .     Faith    .   (shield restricted)
rNeg     . . .     Spirit   +   g - +0 troll leather armour
rPois    .         Reflect  .   (helmet restricted)
rElec    .         Harm     .   (no cloak)
rCorr    .         Rampage  .   (gloves unavailable)
Will     +....                  (boots unavailable)
Stlth    ++++......             c - amulet of guardian spirit
HPRegen  0.52/turn              x - ring of Awe {*Slow Int+3 Stlth+}
MPRegen  0.16/turn              (no ring)

@: very quick
A: very small, unfitting armour, see invisible, speed 3
a: no special abilities


You were on level 6 of the Dungeon.
You visited 1 branch of the dungeon, and saw 6 of its levels.

You collected 404 gold pieces.

Inventory:

Hand Weapons
 a - a +0 dagger of speed
 b - a +2 short sword of protection
 j - a +2 dagger of venom (weapon)
Missiles
 e - 5 boomerangs of dispersal (quivered)
 f - 127 stones
 n - 10 poisoned darts
 r - 5 boomerangs
Armour
 g - a +0 troll leather armour (worn)
 z - a +0 robe of cold resistance
Jewellery
 c - an amulet of guardian spirit (around neck)
 x - the ring of Awe (left hand) {*Slow Int+3 Stlth+}
   (You found it on level 5 of the Dungeon)

   [ring of stealth]

   It affects your intelligence (+3).
   It may slow you when you take damage.
   It makes you more stealthy.
Wands
 y - a wand of digging (1)
Scrolls
 d - a scroll of blinking
 l - a scroll of immolation {unknown}
 p - 3 scrolls of teleportation {unknown}
 q - a scroll of enchant weapon {unknown}
 u - a scroll of noise {unknown}
Potions
 h - 2 potions of attraction {unknown}
 i - 2 potions of cancellation {unknown}
 k - 2 potions of mutation {unknown}
 m - a potion of berserk rage {unknown}
 o - 3 potions of lignification {unknown}
 s - a potion of curing {unknown}
 t - 2 potions of degeneration {unknown}
 v - 2 potions of ambrosia {unknown}
 w - 2 potions of flight {unknown}


   Skills:
 - Level 1.5 Fighting
 - Level 6.0 Short Blades
 - Level 1.0 Throwing
 + Level 4.2 Armour
 - Level 6.0 Dodging
 - Level 6.0 Stealth
 - Level 6.0 Spellcasting
 - Level 4.4 Translocations


You had 19 spell levels left.
You didn't know any spells.
Your spell library contained the following spells:

 Spells                   Type           Power        Failure   Level
 Blink                    Tloc           N/A          4%          2
 Gell's Gravitas          Tloc           10%          9%          3
 Lesser Beckoning         Tloc           10%          9%          3
 Teleport Other           Tloc           20%          9%          3
 Beastly Appendage        Tmut           10%          17%         1
 Summon Small Mammal      Summ           20%          17%         1
 Call Imp                 Summ           5%           26%         2
 Wereblood                Tmut           5%           26%         2
 Passage of Golubria      Tloc           N/A          28%         4
 Call Canine Familiar     Summ           5%           45%         3
 Spider Form              Tmut/Pois      2%           45%         3
 Summon Guardian Golem    Hex/Summ       5%           45%         3
 Ice Form                 Ice/Tmut       5%           86%         4
 Summon Ice Beast         Ice/Summ       5%           86%         4
 Summon Lightning Spire   Summ/Air       5%           86%         4
 Blade Hands              Tmut           2%           99%         5


Dungeon Overview and Level Annotations

Branches:
Dungeon (6/15)             Temple (0/1) D:5

Altars:
Fedhas
Hepliaklqana
Kikubaaqudgha
Makhleb
Qazlal
Sif Muna
Uskayaw
Xom


Innate Abilities, Weirdness & Mutations

You are very small and have problems with some larger weapons.
You are too small for most types of armour.
You have supernaturally acute eyesight. (SInv)
You cover ground extremely quickly.


Message History

The orc warrior closely misses you.
The orc wizard mumbles some strange words.
The orc wizard blinks!
You hit the orc warrior but do no damage.
The orc warrior looks as sick as possible!
The orc warrior is almost dead.
You kill the orc warrior!
Your Armour skill increases to level 4!
You closely miss the orc wizard.
The orc wizard gestures at you while chanting.
The magic dart hits you.
* * * LOW HITPOINT WARNING * * *
The orc wizard casts a spell.
The orc wizard blinks!
You hit the orc wizard.
The orc wizard is moderately wounded.
You feel yourself speed up.
The orc wizard gestures at you while chanting.
The puff of flame hits you.
You die...

### ..# #.# #.## +.. #.# #@#
#o# ..... #5#...... .....
#.#...... ###..... #.#......
..... #ยง#..... # #... #.#...
..
.#.####.#+######.#.#+#+####.##
.....)......oo..........).....


You could see an orc wizard (fast, invisible) and a white imp.

Vanquished Creatures
  A troll (D:5)
  Duvessa (D:5)
  An orc warrior (D:6)
  An ogre (D:4)
  2 phantoms
  Dowan (D:5)
  A scorpion (D:4)
  A quasit (D:5)
  A bullfrog skeleton (D:5)
  4 hounds
  2 orc wizards
  An iguana (D:5)
  Natasha (twice) (D:2)
  4 worker ants
  A worker ant zombie (D:5)
  A howler monkey zombie (D:6)
  A howler monkey skeleton (D:5)
  8 adders
  2 white imps (D:5)
  A worm (D:5)
  3 dart slugs
  3 leopard geckos
  10 orcs
  3 ball pythons
  11 bats
  6 giant cockroaches
  6 goblins
  14 hobgoblins
  2 jackals (D:3)
  2 quokkas
  2 frilled lizards
  10 kobolds
  A quokka skeleton (D:4)
  12 rats
122 creatures vanquished.

Vanquished Creatures (others)
  A fungus (D:4)
  4 toadstools (D:4)
5 creatures vanquished.

Grand Total: 127 creatures vanquished

Notes
Turn   | Place    | Note
-------+----------+-------------------------------------------
     0 | D:1      | Descartes the Spriggan Warper began the quest for the Orb.
     0 | D:1      | Reached XP level 1. HP: 10/10 MP: 5/5
   105 | D:1      | Reached skill level 1 in Stealth
   339 | D:1      | Reached XP level 2. HP: 12/14 MP: 4/6
   903 | D:1      | Reached XP level 3. HP: 18/18 MP: 8/8
  1400 | D:2      | Found a shimmering altar of Xom.
  1427 | D:2      | Found a hide-covered altar of Uskayaw.
  1437 | D:2      | Reached XP level 4. HP: 22/22 MP: 9/9
  1509 | D:2      | Found a shimmering blue altar of Sif Muna.
  1603 | D:2      | Noticed Natasha
  1616 | D:2      | Killed Natasha
  1681 | D:2      | Reached skill level 5 in Stealth
  1884 | D:2      | Noticed Natasha
  1893 | D:2      | Killed Natasha
  1894 | D:2      | Reached XP level 5. HP: 25/25 MP: 10/10
  2005 | D:2      | Found an ancient bone altar of Kikubaaqudgha.
  2005 | D:2      | Found a blossoming altar of Fedhas.
  2123 | D:3      | Found a stormy altar of Qazlal.
  2723 | D:4      | Reached skill level 5 in Short Blades
  2801 | D:4      | Reached XP level 6. HP: 27/30 MP: 9/11
  2940 | D:4      | Reached skill level 5 in Dodging
  3205 | D:4      | Reached XP level 7. HP: 33/33 MP: 10/12
  3353 | D:5      | Entered Level 5 of the Dungeon
  3368 | D:5      | Found a staircase to the Ecumenical Temple.
  3369 | D:5      | Noticed Duvessa
  3381 | D:5      | Noticed Dowan
  3406 | D:5      | Killed Duvessa
  3419 | D:5      | Killed Dowan
  3442 | D:5      | Reached skill level 5 in Spellcasting
  3455 | D:5      | Got a twitching pewter ring
  3474 | D:5      | Identified the ring of Awe {*Slow Int+3 Stlth+} (You found
                  | it on level 5 of the Dungeon)
  4097 | D:5      | Found a burning altar of Makhleb.
  4098 | D:5      | Noticed a troll
  4106 | D:5      | Reached skill level 1 in Armour
  4155 | D:5      | Killed a troll
  4156 | D:5      | Reached XP level 8. HP: 15/37 MP: 3/18
  4573 | D:5      | Found a hazy altar of Hepliaklqana.
  5170 | D:6      | Killed from afar by an orc wizard

Illustrated notes

Levels and vault maps discovered:
D:1:      dpeg_arrival_simpleton_b, layout_loops_ring, st_stairs_7
D:2:      layout_rooms, grunt_temple_overflow_growth_and_decay,
          eat_drink_and_be_merry_uskayaw, marbit_many_paths,
          minmay_misc_feat_tower, tgw_xom, uniq_natasha
D:3:      layout_basic, st_stairs_14, grunt_ministairs_2,
          nicolae_qazlal_general_emergency
D:4:      layout_cave_pools, minmay_gold_behind_fungi
D:5:      layout_loops_corners, makhleb_blood_cavern_becter,
          nzn_hepliaklqana_mist_gate, minmay_temple_entry_sparse_star,
          uniq_duvessa
D:6:      layout_basic, uniq_blork_the_orc

Skill      XL: |  1  2  3  4  5  6  7  8 |
---------------+-------------------------+-----
Stealth        | 1 3 4 5 6 |  6.0
Short Blades   | 3 4 5 6 |  6.0
Dodging        | 6 |  6.0
Spellcasting   | 3 6 |  6.0
Armour         | 2 4 |  4.2
Fighting       | |  1.5
Throwing       | |  1.0
Translocations | |  4.4

Action                   |  1- 3 |  4- 6 |  7- 9 || total
-------------------------+-------+-------+-------++-------
Melee: Short sword       |   125 |       |       ||   125
       Dagger            |    53 |   224 |   227 ||   504
 Stab: Sleeping          |     8 |     8 |     7 ||    23
       Distracted        |       |     1 |       ||     1
Armor: Robe              |     6 |       |       ||     6
       Troll leather arm |    11 |    20 |    14 ||    45
Dodge: Dodged            |   133 |   128 |   153 ||   414
